General information
- name: lljkMata L:4
- type: Custom game
- host: lljkMata
- saver: timg5strok
map: TurtleRock
- players: 3
- length: 16:42
- speed: Fast
- version: 1.24 W3XP
- replay type: Public
» download(110 KB)
Players
team 1 (winner)
timg5strok (
gray | 183 APM | 3061 actions | 16:42)
3 Warden
2 Shadow Strike
1 Blink
3 Pandaren Brewmaster
2 Breath of Fire
1 Drunken Haze
2 Goblin Alchemist
1 Acid Bomb
1 Chemical Rage
» actions
| Assign group hotkey | 19 | |
| Basic commands | 73 | |
| Build / train | 63 | |
| ESC pressed | 1 | |
| Enter build submenu | 16 | |
| Enter hero's abilities submenu | 8 | |
| Give item / drop item | 3 | |
| Right click | 1470 | |
| Select / deselect | 295 | |
| Select group hotkey | 1020 | |
| Use ability | 93 | |
3061 total
» units
» upgrades
» buildings
| Altar of Elders | 1 | |
| Moon Well | 6 | |
| Ancient of War | 1 | |
| Tree of Ages | 1 | |
| Hunter's Hall | 1 | |
| Ancient of Wonders | 1 | |
| Ancient Protector | 2 | |
| Ancient of Lore | 2 | |
| Tree of Eternity | 1 | |
| Tree of Life | 1 | |
17 total
» build order
00:03 Altar of Elders
00:17 Moon Well
00:23 Ancient of War
01:48 Moon Well
03:16 Tree of Ages
03:20 Hunter's Hall
04:16 Ancient of Wonders
04:27 Moon Well
04:28 Moon Well
04:47 Ancient Protector
05:55 Ancient of Lore
05:56 Ancient of Lore
07:39 Ancient Protector
08:05 Moon Well
10:46 Tree of Eternity
10:52 Moon Well
12:25 Tree of Life
» items
| Boots of Speed | 1 | |
| Lesser Clarity Potion | 2 | |
| Staff of Preservation | 1 | |
| Moonstone | 1 | |
| Potion of Healing | 3 | |
| Orb of Venom | 1 | |
| Scroll of Town Portal | 1 | |
| Potion of Lesser Invulnerability | 2 | |
12 total
team 2 (loser)
TNyZe.h4x (
red | 99 APM | 1647 actions | 16:37)
4 Death Knight
2 Death Coil
2 Unholy Aura
2 Lich
1 Frost Nova
1 Dark Ritual
» actions
| Assign group hotkey | 112 | |
| Basic commands | 4 | |
| Build / train | 49 | |
| Enter build submenu | 13 | |
| Enter hero's abilities submenu | 6 | |
| Give item / drop item | 2 | |
| Right click | 624 | |
| Select / deselect | 269 | |
| Select group hotkey | 494 | |
| Use ability | 74 | |
1647 total
» units
| Acolyte | 7 | |
| Ghoul | 9 | |
| Gargoyle | 9 | |
| Obsidian Statue | 2 | |
27 total
» upgrades
| Creature Attack | 2 | |
| Ghoul Frenzy | 1 | |
| Stone Form | 1 | |
4 total
» buildings
| Altar of Darkness | 1 | |
| Crypt | 2 | |
| Ziggurat | 4 | |
| Tomb of Relics | 1 | |
| Nerubian Tower | 1 | |
| Halls of the Dead | 1 | |
| Graveyard | 1 | |
| Sacrificial Pit | 1 | |
| Black Citadel | 1 | |
| Slaughterhouse | 1 | |
| Boneyard | 1 | |
15 total
» build order
00:06 Altar of Darkness
00:10 Crypt
00:24 Ziggurat
01:02 Tomb of Relics
01:38 Ziggurat
02:48 Nerubian Tower
03:18 Halls of the Dead
03:57 Graveyard
04:16 Crypt
06:02 Ziggurat
06:07 Sacrificial Pit
06:42 Black Citadel
08:01 Ziggurat
09:34 Slaughterhouse
11:12 Boneyard
» items
| Rod of Necromancy | 1 | |
| Dust of Appearance | 1 | |
| Potion of Healing | 2 | |
| Scroll of Healing | 1 | |
| Scroll of Town Portal | 1 | |
| Orb of Corruption | 1 | |
7 total
refereeslljkMata Chat log
(00:30 / All) TNyZe.h4x: usually id veto tr vs elf
(00:31 / All) TNyZe.h4x: heh
(00:38 / All) timg5strok: yeah im shit @ solo though
(00:40 / All) timg5strok: and i dont know maps
(00:41 / All) timg5strok: so
(00:44 / All) TNyZe.h4x: eh np
(00:49 / All) TNyZe.h4x: it is good for ud
(00:57 / All) TNyZe.h4x: but i dunno how to stop elf creeping here
(00:58 / All) timg5strok: yeah probably
(03:57 / All) lljkMata: hows my lag
(03:58 / All) timg5strok: g
(04:02 / All) TNyZe.h4x: alright
(04:03 / All) lljkMata: g++
(04:20 / All) timg5strok: \oh snap
(04:22 / All) timg5strok: guess what i saw
(04:28 / All) TNyZe.h4x: a jew?
(04:36 / All) timg5strok: a fella tongue kissing my girl in the mouth
(04:46 / All) TNyZe.h4x: OO
(04:55 / All) lljkMata: :o
(05:40 / All) lljkMata: warden
(05:43 / All) lljkMata: is my favorite hero
(05:52 / All) lljkMata: i keep writing in ref chat goddamn
(06:03 / All) timg5strok: set to all
(16:35 / All) TNyZe.h4x: okayl ol
(16:36 / All) TNyZe.h4x: gg